Map: Cactus Valley LE (Void)

Players

Skaut - Winner!

  • Race: Terran Terran
  • League: Diamond
  • Spawn Location: 5:00

Musumeci

  • Race: Zerg Zerg
  • League: Diamond
  • Spawn Location: 1:00

VOD

Have the link to the VOD?

Description

Time

  • Played on: March 12, 2017, 4:53 a.m.
  • Length: 11:40
Show
View Real Time Build Order
Export as new Build Order

Skaut Terran - Winner!

Build Orders: MMM Bio, Banshee Rush 

Get SALT Encoding   

  12  0:00  SCV  
  13  0:13  SCV  
  14  0:21  Supply Depot  
  14  0:25  SCV  
  15  0:31  Refinery  
  15  0:45  Barracks  
  15  0:49  SCV  
  16  1:07  SCV  
  17  1:12  Refinery  
  17  1:19  SCV  
  18  1:26  Supply Depot  
  18  1:31  SCV  
  19  1:35  Reaper  
  20  1:44  Orbital Command  
  20  2:00  Factory  
  20  2:07  Barracks Reactor  
  20  2:09  SCV  
  21  2:21  SCV  
  22  2:23  Supply Depot  
  22  2:40  SCV  
  22  2:43  Starport  
  23  2:46  Factory Tech Lab  
  23  2:49  Marine x2  
  25  2:52  SCV  
  26  3:04  SCV  
  26  3:05  Siege Tank  
  30  3:16  Marine x2  
  32  3:22  Starport Reactor  
  32  3:23  Starport Tech Lab  
  32  3:25  SCV  
  33  3:29  Barracks  
  33  3:34  Marine x2  
  35  3:48  Banshee  
  35  3:49  Cloaking Field  
  35  3:53  Marine  
  39  3:58  Supply Depot  
  39  4:16  Barracks Tech Lab  
  39  4:20  Marine x2  
  41  4:27  Command Center  
  41  4:31  Banshee  
  41  4:37  Marine  
  41  4:38  Stimpack, Marine  
  45  4:40  Marine  
  47  4:57  Supply Depot  
  47  5:19  SCV, Marine x3  
  51  5:24  Supply Depot  
  51  5:27  Supply Depot  
  51  5:36  Marine x3  
  54  5:43  Orbital Command  
  54  5:56  Marine x3  
  50  6:14  Marine x2  
  50  6:16  Marine  
  50  6:18  Siege Tank  
  52  6:21  Orbital Command  
  52  6:32  Marine  
  53  6:40  Starport  
  53  6:41  Barracks  
  53  6:42  Barracks  
  54  6:47  SCV x2  
  55  6:59  SCV x2  
  55  7:01  Marine x2  
  58  7:02  Starport Reactor  
  58  7:07  Combat Shields  
  59  7:11  SCV  
  60  7:17  Engineering Bay  
  60  7:18  SCV  
  60  7:19  Engineering Bay  
  60  7:22  Marine x2  
  61  7:23  SCV  
  61  7:27  Starport Reactor  
  64  7:30  SCV  
  64  7:31  Barracks Reactor, Barracks Tech Lab  
  64  7:35  SCV  
  66  7:40  Medivac x2  
  66  7:42  SCV  
  71  7:44  Refinery  
  71  7:47  SCV  
  71  7:48  Refinery  
  71  7:51  Terran Infantry Armor Level 1, Terran Infantry Weapons Level 1  
  72  7:59  SCV  
  72  8:00  SCV, Marine x2  
  76  8:06  Marine x3  
  76  8:07  Marine  
  76  8:09  Medivac  
  76  8:12  SCV, Medivac  
  85  8:18  Marine  
  85  8:19  Armory  
  86  8:32  Supply Depot  
  86  8:33  Supply Depot  
  86  8:53  Widow Mine  
  86  8:54  Marine x5  
  93  9:01  Marauder  
  94  9:11  Marine x3  
  94  9:12  Marauder  
  94  9:13  Marine, Medivac  
  102  9:19  Medivac  
  102  9:20  Supply Depot x2  
  102  9:22  Marine, Supply Depot  
  102  9:27  Widow Mine  
  102  9:29  Marine  
  100  9:36  Liberator  
  100  9:37  Liberator x2  
  88  9:48  Marine x3  
  88  9:49  Marine  
  92  9:56  Siege Tank  
  101  10:22  Marine x5  
  106  10:28  Siege Tank  
  109  10:39  Command Center  
  109  10:40  Marine x3  
  112  10:46  SCV x2  
  114  11:07  Marine  
  114  11:08  Marauder x2, Marine  
  120  11:19  Marine x2  
Show
View Real Time Build Order
Export as new Build Order

Musumeci Zerg 

Build Orders: Hatch First 

Get SALT Encoding   

  12  0:09  Drone x2  
  14  0:19  Drone, Extractor  
  15  0:41  Hatchery  
  14  0:44  Extractor  
  14  0:46  Drone  
  15  1:03  Spawning Pool  
  14  1:14  Extractor  
  14  1:15  Drone  
  14  1:16  Drone, Extractor  
  16  1:35  Overlord  
  16  1:52  Drone x3  
  16  1:53  Drone  
  20  1:54  Queen  
  20  1:56  Queen  
  24  2:04  Drone  
  24  2:06  Drone  
  26  2:14  Overlord  
  26  2:21  Extractor  
  25  2:24  Roach Warren  
  22  2:40  Queen  
  22  2:41  Queen  
  26  2:56  Overlord  
  26  3:00  Drone x3  
  26  3:05  Roach  
  31  3:12  Drone x2  
  32  3:32  Drone x6  
  38  3:49  Overlord  
  38  3:57  Extractor  
  38  3:58  Drone x3  
  38  4:00  Drone x4  
  44  4:08  Roach  
  44  4:09  Roach  
  48  4:28  Roach x2  
  52  4:34  Overlord x3  
  52  4:44  Overlord x3  
  52  4:56  Ravager x3  
  52  4:58  Roach  
  52  4:59  Roach x2  
  63  5:21  Roach x5  
  71  5:29  Extractor  
  71  5:30  Extractor  
  71  5:32  Spore Crawler  
  71  5:33  Spore Crawler  
  66  5:36  Spore Crawler  
  66  5:38  Spore Crawler  
  66  5:39  Spore Crawler  
  66  5:41  Spore Crawler  
  66  5:42  Spore Crawler  
  58  5:43  Spore Crawler  
  58  5:45  Spore Crawler x2  
  58  5:46  Queen  
  58  5:47  Queen  
  55  5:52  Ravager  
  37  6:35  Drone  
  37  6:38  Drone  
  39  6:51  Drone x2  
  41  7:13  Ravager  
  41  7:14  Drone x4  
  41  7:15  Drone  
  47  7:22  Drone  
  48  7:23  Drone  
  48  7:29  Drone  
  50  7:39  Drone x4  
  50  7:42  Drone  
  55  7:44  Drone  
  55  7:47  Drone  
  57  7:56  Drone  
  57  7:57  Drone x2  
  57  7:58  Drone  
  61  8:00  Ravager  
  62  8:12  Roach x2  
  66  8:45  Roach x6  
  79  9:02  Ravager  
  79  9:03  Ravager x3  
  79  9:04  Roach  
  79  9:07  Overlord x3  
  70  9:46  Drone  
  70  9:47  Drone x7  
  78  10:02  Hatchery  
  68  10:09  Roach x4  
  63  10:21  Roach x2  
  65  10:30  Ravager x4  
  65  10:31  Roach x2  
  73  10:37  Roach x6  
  85  10:45  Ravager x2  
  85  10:46  Roach x2  
  91  10:53  Ravager  
  91  10:55  Ravager  
  93  10:58  Ravager x3  
Tags
 
Composition
MMM Bio
Matchup
TvZ
Replay Pack
replay pack
Spawn Locations
Close Positions
Strategy
Banshee Rush
Add a new tag
Caveats
  • Supply blocks, unpowered buildings, or Contaminate may cause inaccurate times.
  • Supply counts are checked every 10 seconds.